 Dungeon Crawl Stone Soup version 0.29-a0-233-g1125b37a9b (webtiles) character file.

Game seed: 562487493404136890

189 kae the Chopper (level 5, -2/47 HPs)
             Began as a Minotaur Fighter on Mar 1, 2022.
             Slain by an iguana (12 damage)
             ... on level 4 of the Dungeon.
             The game lasted 00:01:20 (2659 turns).

kae the Chopper (Minotaur Fighter)                  Turns: 2659, Time: 00:01:20

Health: -2/47      AC:  7    Str: 22    XL:     5   Next: 40%
Magic:  4/4        EV:  9    Int:  5    God:
Gold:   111        SH:  5    Dex: 10    Spells: 4/4 levels left

rFire   . . .      SeeInvis .   a - +1 war axe
rCold   . . .      Faith    .   c - +1 buckler
rNeg    . . .      Spirit   .   b - +0 scale mail
rPois   .          Reflect  .   (helmet restricted)
rElec   .          Harm     .   (no cloak)
rCorr   .          Rampage  .   (no gloves)
Will    +....                   (no boots)
Stlth   ..........              (no amulet)
HPRegen 0.15/turn               q - ring of willpower
MPRegen 0.09/turn               (no ring)

@: no status effects
A: horns 2, retaliatory headbutt
a: no special abilities


You were on level 4 of the Dungeon.
You visited 1 branch of the dungeon, and saw 4 of its levels.

You collected 111 gold pieces.

Inventory:

Hand Weapons
 a - a +1 war axe (weapon)
Armour
 b - a +0 scale mail (worn)
 c - a +1 buckler (worn)
Jewellery
 m - a ring of wizardry
 q - a ring of willpower (left hand)
Scrolls
 l - 2 scrolls of teleportation
Potions
 d - a potion of might
 e - 2 potions of heal wounds
 f - 3 potions of curing
 h - 2 potions of resistance
 k - 3 potions of berserk rage {unknown}
 n - a potion of flight {unknown}
 p - a potion of mutation {unknown}


   Skills:
 + Level 4.6 Fighting
 * Level 4.7 Axes
 + Level 4.6 Armour
 + Level 4.5 Shields


You had 4 spell levels left.
You didn't know any spells.
Your spell library was empty.

Dungeon Overview and Level Annotations

Branches:
Dungeon (4/15)
 Temple: D:4-7

Altars:
Ashenzari
Hepliaklqana
Xom


Innate Abilities, Weirdness & Mutations

You have a pair of horns on your head.
You reflexively headbutt those who attack you in melee.


Message History

You are too injured to fight recklessly!
You are too injured to fight recklessly!
You hit something.
Reactivating autopickup.
You feel a bit more experienced.
You hit the orc. You block the orc's attack. x2
The orc hits you with a +0 club.
You closely miss the orc. You headbutt the orc!
You kill the orc!
You hit the orc. The orc hits you with a +0 club.
You slash the endoplasm!
You kill the endoplasm!
You hit the orc. You block the orc's attack.
The orc hits you but does no damage.
Items here: )) [ †.
The orc hits you but does no damage.
You slash the orc!
You kill the orc!
An iguana comes into view.
The iguana hisses angrily.
Things that are here:
a +0 club; a +0 whip; a +0 ring mail The iguana bites you.
You hit the iguana.
The iguana is moderately wounded.
You block the iguana's attack.
You closely miss the iguana. You headbutt the iguana!
The iguana is almost dead.
You block the iguana's attack.
You barely miss the iguana. Your headbutt misses the iguana.
The iguana is almost dead.
The iguana bites you but does no damage.
The iguana bites you!
You closely miss the iguana.
The iguana is severely wounded.
The iguana bites you.
* * * LOW HITPOINT WARNING * * *
You hit the iguana but do no damage.
The iguana is severely wounded.
The iguana bites you!
You die...

#.# #.# #.# #<#
#(#
#######.#######
...............
#.#######.#######
#...l@..))#
#########.# #.#
..# ...> ###..
#..# #..# #..#


You could see an iguana.

Vanquished Creatures
  Natasha (thrice) (D:3)
  An orc wizard (D:4)
  3 gnolls (D:2)
  An adder (D:3)
  A dart slug (D:1)
  3 orcs (D:4)
  5 bats
  3 endoplasms
  4 giant cockroaches
  2 goblins (D:2)
  7 hobgoblins
  3 quokkas (D:2)
  3 ball pythons
  4 frilled lizards
  4 kobolds
  2 rats
49 creatures vanquished.

Notes
Turn   | Place    | Note
-------+----------+-------------------------------------------
     0 | D:1      | kae the Minotaur Fighter began the quest for the Orb.
     0 | D:1      | Reached XP level 1. HP: 19/19 MP: 0/0
   145 | D:1      | Reached XP level 2. HP: 27/27 MP: 1/1
  1086 | D:2      | Reached XP level 3. HP: 31/33 MP: 2/2
  1541 | D:3      | Found a broken altar of Ashenzari.
  1603 | D:3      | Noticed Natasha
  1605 | D:3      | Found a faded altar of an unknown god.
  1613 | D:3      | Killed Natasha
  1614 | D:3      | Reached XP level 4. HP: 3/40 MP: 3/3
  1901 | D:3      | Found a hazy altar of Hepliaklqana.
  1940 | D:3      | Found a shimmering altar of Xom.
  2077 | D:3      | Noticed Natasha
  2081 | D:3      | Killed Natasha
  2266 | D:3      | Noticed Natasha
  2270 | D:3      | Killed Natasha
  2271 | D:3      | Reached XP level 5. HP: 44/47 MP: 4/4
  2659 | D:4      | Slain by an iguana

Illustrated notes

Levels and vault maps discovered:
D:1:      onia_arrival_mini_spirals, layout_rooms, minivault_23
D:2:      layout_basic, minmay_misc_feat_alley
D:3:      layout_loops_ring, mainiacjoe_overflow_catwalk,
          mainiacjoe_overflow_tiny_flanked, general_overflow_altar,
          hellmonk_ecumenical_altar_arch_garden, kennysheep_generic_room_11,
          uniq_natasha
D:4:      layout_loops_ring, zin_purify, glass_columns_a

Skill      XL: |  1  2  3 |
---------------+----------+-----
Axes           | 3 4 |  4.7
Fighting       | 4 |  4.6
Armour         | 4 |  4.6
Shields        | 4 |  4.5

Action                   |  1- 3 |  4- 6 || total
-------------------------+-------+-------++-------
Melee: War axe           |    74 |    37 ||   111
       Headbutt          |    13 |     4 ||    17
  Use: Scroll            |     7 |     3 ||    10
Armor: Scale mail        |    36 |    12 ||    48
Dodge: Dodged            |    39 |    11 ||    50
Block: Buckler           |     9 |     9 ||    18

Table legend: (Time is in decaauts)
 A = Elapsed time spent in this place.
 B = Non-inter-level travel time spent in this place.
 C = Inter-level travel time spent in this place.
 D = Time resting spent in this place.
 E = Time spent auto-exploring this place.
 F = Levels seen in this place.
 G = Mean time per level.
                   A        B        C        D        E       F      G
               +--------+--------+--------+--------+--------+-----+--------+
         Total |   2704 |   2605 |     99 |    463 |   1766 |   4 |  676.0 |
       Dungeon |   2704 |   2605 |     99 |    463 |   1766 |   4 |  676.0 |
               +--------+--------+--------+--------+--------+-----+--------+

Top non-repeatable levels by time:
     D:3: 1129 daAuts
     D:1: 955 daAuts
     D:2: 587 daAuts
     D:4: 31 daAuts
